Workbook
Name Slicer_Expense_Category: #N/A

Sheet PAINEL DE INSTRUMENTOS
B2: Painel de Orçamento de Despesas Empresariais
B4: Categoria de Despesas | C4: Despesas planeadas | D4: Despesas reais | E4: Diferenças nas despesas | I4: Rótulos das filas | J4: Soma das despesas reais
B5: Custos para funcionários | C5: =+'Custos Totais de Escritório'!O9 -> 1355090 | D5: =+'DESPESAS REAIS'!O9 -> 659130 | E5: =+C5-D5 -> 695960 | I5: Custos para funcionários | J5: 659130
B6: Custos de escritório | C6: =+'Custos Totais de Escritório'!O20 -> 138740 | D6: =+'DESPESAS REAIS'!O20 -> 69350 | E6: =+C6-D6 -> 69390 | I6: Custos de marketing | J6: 33159
B7: Custos de marketing | C7: =+'Custos Totais de Escritório'!O29 -> 67800 | D7: =+'DESPESAS REAIS'!O29 -> 33159 | E7: =+C7-D7 -> 34641 | I7: Custos de escritório | J7: 69350
B8: Treino/Viagens | C8: =+'Custos Totais de Escritório'!O34 -> 48000 | D8: =+'DESPESAS REAIS'!O34 -> 21300 | E8: =+C8-D8 -> 26700 | I8: TOTAIS | J8: 782939
B9: TOTAIS | C9: =SUM(C5:C8) -> 1609630 | D9: =SUM(D5:D8) -> 782939 | E9: =SUM(E5:E8) -> 826691 | I9: Treino/Viagens | J9: 21300
I10: Total General | J10: 1565878

Sheet Custos Totais de Escritório
B2: ORÇAMENTO DE DESPESAS PLANEADAS
B5: DESPESAS MENSAIS | C5: Janeiro | D5: Fevereiro | E5: Março | F5: Abril | G5: Maio | H5: Junho | I5: Julho | J5: Agosto | K5: Setembro | L5: Outubro | M5: Novembro | N5: Dezembro | O5: Total
B6: Custos para funcionários
B7: Salários | C7: 85000 | D7: 85000 | E7: 85000 | F7: 87500 | G7: 87500 | H7: 87500 | I7: 87500 | J7: 92400 | K7: 92400 | L7: 92400 | M7: 92400 | N7: 92400 | O7: =SUM(Table1[[#This Row],[Janeiro]:[Dezembro]]) -> 1067000
B8: Benefícios | C8: 22950 | D8: 22950 | E8: 22950 | F8: 23625 | G8: 23625 | H8: 23625 | I8: 23625 | J8: 24948 | K8: 24948 | L8: 24948 | M8: 24948 | N8: 24948 | O8: =SUM(Table1[[#This Row],[Janeiro]:[Dezembro]]) -> 288090
B9: Custos Totais de Funcionários | C9: =SUBTOTAL(109,C7:C8) -> 107950 | D9: =SUBTOTAL(109,D7:D8) -> 107950 | E9: =SUBTOTAL(109,E7:E8) -> 107950 | F9: =SUBTOTAL(109,F7:F8) -> 111125 | G9: =SUBTOTAL(109,G7:G8) -> 111125 | H9: =SUBTOTAL(109,H7:H8) -> 111125 | I9: =SUBTOTAL(109,I7:I8) -> 111125 | J9: =SUBTOTAL(109,J7:J8) -> 117348 | ... O9: =SUBTOTAL(109,O7:O8) -> 1355090
B10: Custos de escritório | O10: =SUM(Table1[[#This Row],[Janeiro]:[Dezembro]]) -> 0
B11: Column1 | C11: Column2 | D11: Column3 | E11: Column4 | F11: Column5 | G11: Column6 | H11: Column7 | I11: Column8 | J11: Column9 | K11: Column10 | L11: Column11 | M11: Column12 | N11: Column13 | O11: Column14
B12: Arrendamento de escritórios | C12: 9800 | D12: 9800 | E12: 9800 | F12: 9800 | G12: 9800 | H12: 9800 | I12: 9800 | J12: 9800 | K12: 9800 | L12: 9800 | M12: 9800 | N12: 9800 | O12: =SUM(Table4[[#This Row],[Column2]:[Column13]]) -> 117600
B13: Gás | D13: 400 | E13: 400 | F13: 100 | G13: 100 | H13: 100 | I13: 100 | J13: 100 | K13: 100 | L13: 100 | M13: 400 | N13: 400 | O13: =SUM(Table4[[#This Row],[Column2]:[Column13]]) -> 2300
B14: Elétrico | C14: 300 | D14: 300 | E14: 300 | F14: 300 | G14: 300 | H14: 300 | I14: 300 | J14: 300 | K14: 300 | L14: 300 | M14: 300 | N14: 300 | O14: =SUM(Table4[[#This Row],[Column2]:[Column13]]) -> 3600
B15: Água | C15: 40 | D15: 40 | E15: 40 | F15: 40 | G15: 40 | H15: 40 | I15: 40 | J15: 40 | K15: 40 | L15: 40 | M15: 40 | N15: 40 | O15: =SUM(Table4[[#This Row],[Column2]:[Column13]]) -> 480
B16: Telefone | C16: 250 | D16: 250 | E16: 250 | F16: 250 | G16: 250 | H16: 250 | I16: 250 | J16: 250 | K16: 250 | L16: 250 | M16: 250 | N16: 250 | O16: =SUM(Table4[[#This Row],[Column2]:[Column13]]) -> 3000
B17: Acesso à Internet | C17: 180 | D17: 180 | E17: 180 | F17: 180 | G17: 180 | H17: 180 | I17: 180 | J17: 180 | K17: 180 | L17: 180 | M17: 180 | N17: 180 | O17: =SUM(Table4[[#This Row],[Column2]:[Column13]]) -> 2160
B18: Material de Escritório | C18: 200 | D18: 200 | E18: 200 | F18: 200 | G18: 200 | H18: 200 | I18: 200 | J18: 200 | K18: 200 | L18: 200 | M18: 200 | N18: 200 | O18: =SUM(Table4[[#This Row],[Column2]:[Column13]]) -> 2400
B19: Segurança | C19: 600 | D19: 600 | E19: 600 | F19: 600 | G19: 600 | H19: 600 | I19: 600 | J19: 600 | K19: 600 | L19: 600 | M19: 600 | N19: 600 | O19: =SUM(Table4[[#This Row],[Column2]:[Column13]]) -> 7200
B20: Custos Totais de Escritório | C20: =SUBTOTAL(109,C12:C19) -> 11370 | D20: =SUBTOTAL(109,D12:D19) -> 11770 | E20: =SUBTOTAL(109,E12:E19) -> 11770 | F20: =SUBTOTAL(109,F12:F19) -> 11470 | G20: =SUBTOTAL(109,G12:G19) -> 11470 | H20: =SUBTOTAL(109,H12:H19) -> 11470 | I20: =SUBTOTAL(109,I12:I19) -> 11470 | J20: =SUBTOTAL(109,J12:J19) -> 11470 | ... N20: =SUBTOTAL(109,N12:N19) -> 11770 | O20: =SUM(Table4[[#This Row],[Column2]:[Column13]]) -> 138740
B21: Custos de marketing | O21: =SUM(Table4[[#This Row],[Column2]:[Column13]]) -> 0
B22: Column1 | C22: Column2 | D22: Column3 | E22: Column4 | F22: Column5 | G22: Column6 | H22: Column7 | I22: Column8 | J22: Column9 | K22: Column10 | L22: Column11 | M22: Column12 | N22: Column13 | O22: Column14
B23: Alojamento de websites | C23: 500 | D23: 500 | E23: 500 | F23: 500 | G23: 500 | H23: 500 | I23: 500 | J23: 500 | K23: 500 | L23: 500 | M23: 500 | N23: 500 | O23: =SUM(Table5[[#This Row],[Column2]:[Column13]]) -> 6000
B24: Atualizações do site | C24: 200 | D24: 200 | E24: 200 | F24: 200 | G24: 200 | H24: 1000 | I24: 200 | J24: 200 | K24: 200 | L24: 200 | M24: 200 | N24: 1000 | O24: =SUM(Table5[[#This Row],[Column2]:[Column13]]) -> 4000
B25: Preparação colateral | C25: 5000 | D25: 0 | E25: 0 | F25: 5000 | G25: 0 | H25: 0 | I25: 5000 | J25: 0 | K25: 0 | L25: 5000 | M25: 0 | N25: 0 | O25: =SUM(Table5[[#This Row],[Column2]:[Column13]]) -> 20000
B26: Impressão colateral | C26: 200 | D26: 200 | E26: 200 | F26: 200 | G26: 200 | H26: 200 | I26: 200 | J26: 200 | K26: 200 | L26: 200 | M26: 200 | N26: 200 | O26: =SUM(Table5[[#This Row],[Column2]:[Column13]]) -> 2400
B27: Eventos de marketing | C27: 2000 | D27: 2000 | E27: 2000 | F27: 5000 | G27: 2000 | H27: 2000 | I27: 2000 | J27: 5000 | K27: 2000 | L27: 2000 | M27: 2000 | N27: 5000 | O27: =SUM(Table5[[#This Row],[Column2]:[Column13]]) -> 33000
B28: Despesas diversas | C28: 200 | D28: 200 | E28: 200 | F28: 200 | G28: 200 | H28: 200 | I28: 200 | J28: 200 | K28: 200 | L28: 200 | M28: 200 | N28: 200 | O28: =SUM(Table5[[#This Row],[Column2]:[Column13]]) -> 2400
B29: Custos totais de marketing | C29: =SUBTOTAL(109,C23:C28) -> 8100 | D29: =SUBTOTAL(109,D23:D28) -> 3100 | E29: =SUBTOTAL(109,E23:E28) -> 3100 | F29: =SUBTOTAL(109,F23:F28) -> 11100 | G29: =SUBTOTAL(109,G23:G28) -> 3100 | H29: =SUBTOTAL(109,H23:H28) -> 3900 | I29: =SUBTOTAL(109,I23:I28) -> 8100 | J29: =SUBTOTAL(109,J23:J28) -> 6100 | ... N29: =SUBTOTAL(109,N23:N28) -> 6900 | O29: =SUM(Table5[[#This Row],[Column2]:[Column13]]) -> 67800
B30: Treino/Viagens | O30: =SUM(Table5[[#This Row],[Column2]:[Column13]]) -> 0
B31: Column1 | C31: Column2 | D31: Column3 | E31: Column4 | F31: Column5 | G31: Column6 | H31: Column7 | I31: Column8 | J31: Column9 | K31: Column10 | L31: Column11 | M31: Column12 | N31: Column13 | O31: Column14
B32: Lições de Formação | C32: 2000 | D32: 2000 | E32: 2000 | F32: 2000 | G32: 2000 | H32: 2000 | I32: 2000 | J32: 2000 | K32: 2000 | L32: 2000 | M32: 2000 | N32: 2000 | O32: =SUM(Table6[[#This Row],[Column2]:[Column13]]) -> 24000
B33: Custos de viagem relacionados com a formação | C33: 2000 | D33: 2000 | E33: 2000 | F33: 2000 | G33: 2000 | H33: 2000 | I33: 2000 | J33: 2000 | K33: 2000 | L33: 2000 | M33: 2000 | N33: 2000 | O33: =SUM(Table6[[#This Row],[Column2]:[Column13]]) -> 24000
B34: Custos Totais de Funcionários | C34: =SUBTOTAL(109,C32:C33) -> 4000 | D34: =SUBTOTAL(109,D32:D33) -> 4000 | E34: =SUBTOTAL(109,E32:E33) -> 4000 | F34: =SUBTOTAL(109,F32:F33) -> 4000 | G34: =SUBTOTAL(109,G32:G33) -> 4000 | H34: =SUBTOTAL(109,H32:H33) -> 4000 | I34: =SUBTOTAL(109,I32:I33) -> 4000 | J34: =SUBTOTAL(109,J32:J33) -> 4000 | ... O34: =SUBTOTAL(109,O32:O33) -> 48000
B35: Despesas mensais planeadas | C35: =+C34+C29+C20+C9 -> 131420 | D35: =+D34+D29+D20+D9 -> 126820 | E35: =+E34+E29+E20+E9 -> 126820 | F35: =+F34+F29+F20+F9 -> 137695 | G35: =+G34+G29+G20+G9 -> 129695 | H35: =+H34+H29+H20+H9 -> 130495 | I35: =+I34+I29+I20+I9 -> 134695 | J35: =+J34+J29+J20+J9 -> 138918 | ... N35: =+N34+N29+N20+N9 -> 140018 | O35: =SUM(C35:N35) -> 1609630
B36: Despesas TOTAIS Planeadas | C36: =+C35 -> 131420 | D36: =+D35+C35 -> 258240 | E36: =+E35+D36 -> 385060 | F36: =+F35+E36 -> 522755 | G36: =+G35+F36 -> 652450 | H36: =+H35+G36 -> 782945 | I36: =+I35+H36 -> 917640 | J36: =+J35+I36 -> 1056558 | K36: =+K35+J36 -> 1192476 | L36: =+L35+K36 -> 1333394 | M36: =+M35+L36 -> 1469612 | N36: 1609630 | O36: =+N36+O35 -> 3219260

Sheet DESPESAS REAIS
B2: ORÇAMENTO DE DESPESAS PLANEADAS
B5: DESPESAS MENSAIS | C5: Janeiro | D5: Fevereiro | E5: Março | F5: Abril | G5: Maio | H5: Junho | I5: Julho | J5: Agosto | K5: Setembro | L5: Outubro | M5: Novembro | N5: Dezembro | O5: Total
B6: Custos para funcionários | O6: =SUM(Table18[[#This Row],[Janeiro]:[Dezembro]]) -> 0
B7: Salários | C7: 85000 | D7: 85000 | E7: 85000 | F7: 88000 | G7: 88000 | H7: 88000 | O7: =SUM(Table18[[#This Row],[Janeiro]:[Dezembro]]) -> 519000
B8: Benefícios | C8: 22950 | D8: 22950 | E8: 22950 | F8: 23760 | G8: 23760 | H8: 23760 | I8: 0 | J8: 0 | K8: 0 | L8: 0 | M8: 0 | N8: 0 | O8: =SUM(Table18[[#This Row],[Janeiro]:[Dezembro]]) -> 140130
B9: Custos Totais de Funcionários | C9: =SUBTOTAL(109,C7:C8) -> 107950 | D9: =SUBTOTAL(109,D7:D8) -> 107950 | E9: =SUBTOTAL(109,E7:E8) -> 107950 | F9: =SUBTOTAL(109,F7:F8) -> 111760 | G9: =SUBTOTAL(109,G7:G8) -> 111760 | H9: =SUBTOTAL(109,H7:H8) -> 111760 | I9: =SUBTOTAL(109,I7:I8) -> 0 | J9: =SUBTOTAL(109,J7:J8) -> 0 | ... O9: =SUBTOTAL(109,O7:O8) -> 659130
B10: Custos de escritório | O10: =SUM(Table18[[#This Row],[Janeiro]:[Dezembro]]) -> 0
B11: Column1 | C11: Column2 | D11: Column3 | E11: Column4 | F11: Column5 | G11: Column6 | H11: Column7 | I11: Column8 | J11: Column9 | K11: Column10 | L11: Column11 | M11: Column12 | N11: Column13 | O11: Column14
B12: Arrendamento de escritórios | C12: 9800 | D12: 9800 | E12: 9800 | F12: 9800 | G12: 9800 | H12: 9800 | O12: =SUM(Table49[[#This Row],[Column2]:[Column13]]) -> 58800
B13: Gás | C13: 4 | D13: 430 | E13: 385 | F13: 230 | G13: 87 | H13: 88 | O13: =SUM(Table49[[#This Row],[Column2]:[Column13]]) -> 1224
B14: Elétrico | C14: 288 | D14: 278 | E14: 268 | F14: 299 | G14: 306 | H14: 290 | O14: =SUM(Table49[[#This Row],[Column2]:[Column13]]) -> 1729
B15: Água | C15: 35 | D15: 33 | E15: 34 | F15: 36 | G15: 34 | H15: 36 | O15: =SUM(Table49[[#This Row],[Column2]:[Column13]]) -> 208
B16: Telefone | C16: 224 | D16: 235 | E16: 265 | F16: 245 | G16: 245 | H16: 220 | O16: =SUM(Table49[[#This Row],[Column2]:[Column13]]) -> 1434
B17: Acesso à Internet | C17: 180 | D17: 180 | E17: 180 | F17: 180 | G17: 180 | H17: 180 | O17: =SUM(Table49[[#This Row],[Column2]:[Column13]]) -> 1080
B18: Material de Escritório | C18: 256 | D18: 142 | E18: 160 | F18: 221 | G18: 256 | H18: 240 | O18: =SUM(Table49[[#This Row],[Column2]:[Column13]]) -> 1275
B19: Segurança | C19: 600 | D19: 600 | E19: 600 | F19: 600 | G19: 600 | H19: 600 | O19: =SUM(Table49[[#This Row],[Column2]:[Column13]]) -> 3600
B20: Custos Totais de Escritório | C20: =SUBTOTAL(109,C12:C19) -> 11387 | D20: =SUBTOTAL(109,D12:D19) -> 11698 | E20: =SUBTOTAL(109,E12:E19) -> 11692 | F20: =SUBTOTAL(109,F12:F19) -> 11611 | G20: =SUBTOTAL(109,G12:G19) -> 11508 | H20: =SUBTOTAL(109,H12:H19) -> 11454 | I20: =SUBTOTAL(109,I12:I19) -> 0 | J20: =SUBTOTAL(109,J12:J19) -> 0 | ... N20: =SUBTOTAL(109,N12:N19) -> 0 | O20: =SUM(Table49[[#This Row],[Column2]:[Column13]]) -> 69350
B21: Custos de marketing | O21: =SUM(Table49[[#This Row],[Column2]:[Column13]]) -> 0
B22: Column1 | C22: Column2 | D22: Column3 | E22: Column4 | F22: Column5 | G22: Column6 | H22: Column7 | I22: Column8 | J22: Column9 | K22: Column10 | L22: Column11 | M22: Column12 | N22: Column13 | O22: Column14
B23: Alojamento de websites | C23: 500 | D23: 500 | E23: 500 | F23: 500 | G23: 500 | H23: 500 | O23: =SUM(Table510[[#This Row],[Column2]:[Column13]]) -> 3000
B24: Atualizações do site | C24: 200 | D24: 200 | E24: 200 | F24: 200 | G24: 200 | H24: 1500 | O24: =SUM(Table510[[#This Row],[Column2]:[Column13]]) -> 2500
B25: Preparação colateral | C25: 4800 | D25: 0 | E25: 0 | F25: 5500 | G25: 0 | H25: 0 | O25: =SUM(Table510[[#This Row],[Column2]:[Column13]]) -> 10300
B26: Impressão colateral | C26: 100 | D26: 500 | E26: 100 | F26: 100 | G26: 600 | H26: 180 | O26: =SUM(Table510[[#This Row],[Column2]:[Column13]]) -> 1580
B27: Eventos de marketing | C27: 1800 | D27: 2200 | E27: 2200 | F27: 4700 | G27: 1500 | H27: 2300 | O27: =SUM(Table510[[#This Row],[Column2]:[Column13]]) -> 14700
B28: Despesas diversas | C28: 145 | D28: 156 | E28: 123 | F28: 223 | G28: 187 | H28: 245 | O28: =SUM(Table510[[#This Row],[Column2]:[Column13]]) -> 1079
B29: Custos totais de marketing | C29: =SUBTOTAL(109,C23:C28) -> 7545 | D29: =SUBTOTAL(109,D23:D28) -> 3556 | E29: =SUBTOTAL(109,E23:E28) -> 3123 | F29: =SUBTOTAL(109,F23:F28) -> 11223 | G29: =SUBTOTAL(109,G23:G28) -> 2987 | H29: =SUBTOTAL(109,H23:H28) -> 4725 | I29: =SUBTOTAL(109,I23:I28) -> 0 | J29: =SUBTOTAL(109,J23:J28) -> 0 | ... N29: =SUBTOTAL(109,N23:N28) -> 0 | O29: =SUM(Table510[[#This Row],[Column2]:[Column13]]) -> 33159
B30: Treino/Viagens | O30: =SUM(Table510[[#This Row],[Column2]:[Column13]]) -> 0
B31: Column1 | C31: Column2 | D31: Column3 | E31: Column4 | F31: Column5 | G31: Column6 | H31: Column7 | I31: Column8 | J31: Column9 | K31: Column10 | L31: Column11 | M31: Column12 | N31: Column13 | O31: Column14
B32: Lições de Formação | C32: 1600 | D32: 2400 | E32: 1400 | F32: 1600 | G32: 1200 | H32: 2800 | O32: =SUM(Table611[[#This Row],[Column2]:[Column13]]) -> 11000
B33: Custos de viagem relacionados com a formação | C33: 1200 | D33: 2200 | E33: 1400 | F33: 1200 | G33: 800 | H33: 3500 | O33: =SUM(Table611[[#This Row],[Column2]:[Column13]]) -> 10300
B34: Custos Totais de Funcionários | C34: =SUBTOTAL(109,C32:C33) -> 2800 | D34: =SUBTOTAL(109,D32:D33) -> 4600 | E34: =SUBTOTAL(109,E32:E33) -> 2800 | F34: =SUBTOTAL(109,F32:F33) -> 2800 | G34: =SUBTOTAL(109,G32:G33) -> 2000 | H34: =SUBTOTAL(109,H32:H33) -> 6300 | I34: =SUBTOTAL(109,I32:I33) -> 0 | J34: =SUBTOTAL(109,J32:J33) -> 0 | ... O34: =SUBTOTAL(109,O32:O33) -> 21300
B35: Despesas mensais planeadas | C35: =+C34+C29+C20+C9 -> 129682 | D35: =+D34+D29+D20+D9 -> 127804 | E35: =+E34+E29+E20+E9 -> 125565 | F35: =+F34+F29+F20+F9 -> 137394 | G35: =+G34+G29+G20+G9 -> 128255 | H35: =+H34+H29+H20+H9 -> 134239 | I35: =+I34+I29+I20+I9 -> 0 | J35: =+J34+J29+J20+J9 -> 0 | ... N35: =+N34+N29+N20+N9 -> 0 | O35: =SUM(C35:N35) -> 782939
B36: Despesas TOTAIS Planeadas | C36: =+C35 -> 129682 | D36: =+D35+C35 -> 257486 | E36: =+E35+D36 -> 383051 | F36: =+F35+E36 -> 520445 | G36: =+G35+F36 -> 648700 | H36: =+H35+G36 -> 782939 | I36: =+I35+H36 -> 782939 | J36: =+J35+I36 -> 782939 | K36: =+K35+J36 -> 782939 | L36: =+L35+K36 -> 782939 | M36: =+M35+L36 -> 782939 | N36: 1609630 | O36: =+N36+O35 -> 2392569

Sheet DIFERENÇAS NAS DESPESAS
B2: DIFERENÇAS NAS DESPESAS
B5: DESPESAS MENSAIS | C5: Janeiro | D5: Fevereiro | E5: Março | F5: Abril | G5: Maio | H5: Junho | I5: Julho | J5: Agosto | K5: Setembro | L5: Outubro | M5: Novembro | N5: Dezembro | O5: Total
B6: Custos para funcionários | O6: =SUM(Table1812[[#This Row],[Janeiro]:[Dezembro]]) -> 0
B7: Salários | C7: =+Table1[[#This Row],[Janeiro]]-Table18[[#This Row],[Janeiro]] -> 0 | D7: =+Table1[[#This Row],[Fevereiro]]-Table18[[#This Row],[Fevereiro]] -> 0 | E7: =+Table1[[#This Row],[Março]]-Table18[[#This Row],[Março]] -> 0 | F7: =+Table1[[#This Row],[Abril]]-Table18[[#This Row],[Abril]] -> -500 | G7: =+Table1[[#This Row],[Maio]]-Table18[[#This Row],[Maio]] -> -500 | H7: =+Table1[[#This Row],[Junho]]-Table18[[#This Row],[Junho]] -> -500 | I7: =+Table1[[#This Row],[Julho]]-Table18[[#This Row],[Julho]] -> 87500 | J7: =+Table1[[#This Row],[Agosto]]-Table18[[#This Row],[Agosto]] -> 92400 | K7: =+Table1[[#This Row],[Setembro]]-Table18[[#This Row],[Setembro]] -> 92400 | L7: =+Table1[[#This Row],[Outubro]]-Table18[[#This Row],[Outubro]] -> 92400 | M7: =+Table1[[#This Row],[Novembro]]-Table18[[#This Row],[Novembro]] -> 92400 | N7: =+Table1[[#This Row],[Dezembro]]-Table18[[#This Row],[Dezembro]] -> 92400 | O7: =SUM(Table1812[[#This Row],[Janeiro]:[Dezembro]]) -> 548000
B8: Benefícios | C8: =+Table1[[#This Row],[Janeiro]]-Table18[[#This Row],[Janeiro]] -> 0 | D8: =+Table1[[#This Row],[Fevereiro]]-Table18[[#This Row],[Fevereiro]] -> 0 | E8: =+Table1[[#This Row],[Março]]-Table18[[#This Row],[Março]] -> 0 | F8: =+Table1[[#This Row],[Abril]]-Table18[[#This Row],[Abril]] -> -135 | G8: =+Table1[[#This Row],[Maio]]-Table18[[#This Row],[Maio]] -> -135 | H8: =+Table1[[#This Row],[Junho]]-Table18[[#This Row],[Junho]] -> -135 | I8: =+Table1[[#This Row],[Julho]]-Table18[[#This Row],[Julho]] -> 23625 | J8: =+Table1[[#This Row],[Agosto]]-Table18[[#This Row],[Agosto]] -> 24948 | K8: =+Table1[[#This Row],[Setembro]]-Table18[[#This Row],[Setembro]] -> 24948 | L8: =+Table1[[#This Row],[Outubro]]-Table18[[#This Row],[Outubro]] -> 24948 | M8: =+Table1[[#This Row],[Novembro]]-Table18[[#This Row],[Novembro]] -> 24948 | N8: =+Table1[[#This Row],[Dezembro]]-Table18[[#This Row],[Dezembro]] -> 24948 | O8: =SUM(Table1812[[#This Row],[Janeiro]:[Dezembro]]) -> 147960
B9: Custos Totais de Funcionários | C9: =SUBTOTAL(109,C7:C8) -> 0 | D9: =SUBTOTAL(109,D7:D8) -> 0 | E9: =SUBTOTAL(109,E7:E8) -> 0 | F9: =SUBTOTAL(109,F7:F8) -> -635 | G9: =SUBTOTAL(109,G7:G8) -> -635 | H9: =SUBTOTAL(109,H7:H8) -> -635 | I9: =SUBTOTAL(109,I7:I8) -> 111125 | J9: =SUBTOTAL(109,J7:J8) -> 117348 | ... O9: =SUBTOTAL(109,O7:O8) -> 695960
B10: Custos de escritório | O10: =SUM(Table1812[[#This Row],[Janeiro]:[Dezembro]]) -> 0
B11: Column1 | C11: Column2 | D11: Column3 | E11: Column4 | F11: Column5 | G11: Column6 | H11: Column7 | I11: Column8 | J11: Column9 | K11: Column10 | L11: Column11 | M11: Column12 | N11: Column13 | O11: Column14
B12: Arrendamento de escritórios | C12: =+Table4[[#This Row],[Column2]]-Table49[[#This Row],[Column2]] -> 0 | D12: =+Table4[[#This Row],[Column3]]-Table49[[#This Row],[Column3]] -> 0 | E12: =+Table4[[#This Row],[Column4]]-Table49[[#This Row],[Column4]] -> 0 | F12: =+Table4[[#This Row],[Column5]]-Table49[[#This Row],[Column5]] -> 0 | G12: =+Table4[[#This Row],[Column6]]-Table49[[#This Row],[Column6]] -> 0 | H12: =+Table4[[#This Row],[Column7]]-Table49[[#This Row],[Column7]] -> 0 | I12: =+Table4[[#This Row],[Column8]]-Table49[[#This Row],[Column8]] -> 9800 | J12: =+Table4[[#This Row],[Column9]]-Table49[[#This Row],[Column9]] -> 9800 | K12: =+Table4[[#This Row],[Column10]]-Table49[[#This Row],[Column10]] -> 9800 | L12: =+Table4[[#This Row],[Column11]]-Table49[[#This Row],[Column11]] -> 9800 | M12: =+Table4[[#This Row],[Column12]]-Table49[[#This Row],[Column12]] -> 9800 | N12: =+Table4[[#This Row],[Column13]]-Table49[[#This Row],[Column13]] -> 9800 | O12: =SUM(Table4913[[#This Row],[Column2]:[Column13]]) -> 58800
B13: Gás | C13: =+Table4[[#This Row],[Column2]]-Table49[[#This Row],[Column2]] -> -4 | D13: =+Table4[[#This Row],[Column3]]-Table49[[#This Row],[Column3]] -> -30 | E13: =+Table4[[#This Row],[Column4]]-Table49[[#This Row],[Column4]] -> 15 | F13: =+Table4[[#This Row],[Column5]]-Table49[[#This Row],[Column5]] -> -130 | G13: =+Table4[[#This Row],[Column6]]-Table49[[#This Row],[Column6]] -> 13 | H13: =+Table4[[#This Row],[Column7]]-Table49[[#This Row],[Column7]] -> 12 | I13: =+Table4[[#This Row],[Column8]]-Table49[[#This Row],[Column8]] -> 100 | J13: =+Table4[[#This Row],[Column9]]-Table49[[#This Row],[Column9]] -> 100 | K13: =+Table4[[#This Row],[Column10]]-Table49[[#This Row],[Column10]] -> 100 | L13: =+Table4[[#This Row],[Column11]]-Table49[[#This Row],[Column11]] -> 100 | M13: =+Table4[[#This Row],[Column12]]-Table49[[#This Row],[Column12]] -> 400 | N13: =+Table4[[#This Row],[Column13]]-Table49[[#This Row],[Column13]] -> 400 | O13: =SUM(Table4913[[#This Row],[Column2]:[Column13]]) -> 1076
B14: Elétrico | C14: =+Table4[[#This Row],[Column2]]-Table49[[#This Row],[Column2]] -> 12 | D14: =+Table4[[#This Row],[Column3]]-Table49[[#This Row],[Column3]] -> 22 | E14: =+Table4[[#This Row],[Column4]]-Table49[[#This Row],[Column4]] -> 32 | F14: =+Table4[[#This Row],[Column5]]-Table49[[#This Row],[Column5]] -> 1 | G14: =+Table4[[#This Row],[Column6]]-Table49[[#This Row],[Column6]] -> -6 | H14: =+Table4[[#This Row],[Column7]]-Table49[[#This Row],[Column7]] -> 10 | I14: =+Table4[[#This Row],[Column8]]-Table49[[#This Row],[Column8]] -> 300 | J14: =+Table4[[#This Row],[Column9]]-Table49[[#This Row],[Column9]] -> 300 | K14: =+Table4[[#This Row],[Column10]]-Table49[[#This Row],[Column10]] -> 300 | L14: =+Table4[[#This Row],[Column11]]-Table49[[#This Row],[Column11]] -> 300 | M14: =+Table4[[#This Row],[Column12]]-Table49[[#This Row],[Column12]] -> 300 | N14: =+Table4[[#This Row],[Column13]]-Table49[[#This Row],[Column13]] -> 300 | O14: =SUM(Table4913[[#This Row],[Column2]:[Column13]]) -> 1871
B15: Água | C15: =+Table4[[#This Row],[Column2]]-Table49[[#This Row],[Column2]] -> 5 | D15: =+Table4[[#This Row],[Column3]]-Table49[[#This Row],[Column3]] -> 7 | E15: =+Table4[[#This Row],[Column4]]-Table49[[#This Row],[Column4]] -> 6 | F15: =+Table4[[#This Row],[Column5]]-Table49[[#This Row],[Column5]] -> 4 | G15: =+Table4[[#This Row],[Column6]]-Table49[[#This Row],[Column6]] -> 6 | H15: =+Table4[[#This Row],[Column7]]-Table49[[#This Row],[Column7]] -> 4 | I15: =+Table4[[#This Row],[Column8]]-Table49[[#This Row],[Column8]] -> 40 | J15: =+Table4[[#This Row],[Column9]]-Table49[[#This Row],[Column9]] -> 40 | K15: =+Table4[[#This Row],[Column10]]-Table49[[#This Row],[Column10]] -> 40 | L15: =+Table4[[#This Row],[Column11]]-Table49[[#This Row],[Column11]] -> 40 | M15: =+Table4[[#This Row],[Column12]]-Table49[[#This Row],[Column12]] -> 40 | N15: =+Table4[[#This Row],[Column13]]-Table49[[#This Row],[Column13]] -> 40 | O15: =SUM(Table4913[[#This Row],[Column2]:[Column13]]) -> 272
B16: Telefone | C16: =+Table4[[#This Row],[Column2]]-Table49[[#This Row],[Column2]] -> 26 | D16: =+Table4[[#This Row],[Column3]]-Table49[[#This Row],[Column3]] -> 15 | E16: =+Table4[[#This Row],[Column4]]-Table49[[#This Row],[Column4]] -> -15 | F16: =+Table4[[#This Row],[Column5]]-Table49[[#This Row],[Column5]] -> 5 | G16: =+Table4[[#This Row],[Column6]]-Table49[[#This Row],[Column6]] -> 5 | H16: =+Table4[[#This Row],[Column7]]-Table49[[#This Row],[Column7]] -> 30 | I16: =+Table4[[#This Row],[Column8]]-Table49[[#This Row],[Column8]] -> 250 | J16: =+Table4[[#This Row],[Column9]]-Table49[[#This Row],[Column9]] -> 250 | K16: =+Table4[[#This Row],[Column10]]-Table49[[#This Row],[Column10]] -> 250 | L16: =+Table4[[#This Row],[Column11]]-Table49[[#This Row],[Column11]] -> 250 | M16: =+Table4[[#This Row],[Column12]]-Table49[[#This Row],[Column12]] -> 250 | N16: =+Table4[[#This Row],[Column13]]-Table49[[#This Row],[Column13]] -> 250 | O16: =SUM(Table4913[[#This Row],[Column2]:[Column13]]) -> 1566
B17: Acesso à Internet | C17: =+Table4[[#This Row],[Column2]]-Table49[[#This Row],[Column2]] -> 0 | D17: =+Table4[[#This Row],[Column3]]-Table49[[#This Row],[Column3]] -> 0 | E17: =+Table4[[#This Row],[Column4]]-Table49[[#This Row],[Column4]] -> 0 | F17: =+Table4[[#This Row],[Column5]]-Table49[[#This Row],[Column5]] -> 0 | G17: =+Table4[[#This Row],[Column6]]-Table49[[#This Row],[Column6]] -> 0 | H17: =+Table4[[#This Row],[Column7]]-Table49[[#This Row],[Column7]] -> 0 | I17: =+Table4[[#This Row],[Column8]]-Table49[[#This Row],[Column8]] -> 180 | J17: =+Table4[[#This Row],[Column9]]-Table49[[#This Row],[Column9]] -> 180 | K17: =+Table4[[#This Row],[Column10]]-Table49[[#This Row],[Column10]] -> 180 | L17: =+Table4[[#This Row],[Column11]]-Table49[[#This Row],[Column11]] -> 180 | M17: =+Table4[[#This Row],[Column12]]-Table49[[#This Row],[Column12]] -> 180 | N17: =+Table4[[#This Row],[Column13]]-Table49[[#This Row],[Column13]] -> 180 | O17: =SUM(Table4913[[#This Row],[Column2]:[Column13]]) -> 1080
B18: Material de Escritório | C18: =+Table4[[#This Row],[Column2]]-Table49[[#This Row],[Column2]] -> -56 | D18: =+Table4[[#This Row],[Column3]]-Table49[[#This Row],[Column3]] -> 58 | E18: =+Table4[[#This Row],[Column4]]-Table49[[#This Row],[Column4]] -> 40 | F18: =+Table4[[#This Row],[Column5]]-Table49[[#This Row],[Column5]] -> -21 | G18: =+Table4[[#This Row],[Column6]]-Table49[[#This Row],[Column6]] -> -56 | H18: =+Table4[[#This Row],[Column7]]-Table49[[#This Row],[Column7]] -> -40 | I18: =+Table4[[#This Row],[Column8]]-Table49[[#This Row],[Column8]] -> 200 | J18: =+Table4[[#This Row],[Column9]]-Table49[[#This Row],[Column9]] -> 200 | K18: =+Table4[[#This Row],[Column10]]-Table49[[#This Row],[Column10]] -> 200 | L18: =+Table4[[#This Row],[Column11]]-Table49[[#This Row],[Column11]] -> 200 | M18: =+Table4[[#This Row],[Column12]]-Table49[[#This Row],[Column12]] -> 200 | N18: =+Table4[[#This Row],[Column13]]-Table49[[#This Row],[Column13]] -> 200 | O18: =SUM(Table4913[[#This Row],[Column2]:[Column13]]) -> 1125
B19: Segurança | C19: =+Table4[[#This Row],[Column2]]-Table49[[#This Row],[Column2]] -> 0 | D19: =+Table4[[#This Row],[Column3]]-Table49[[#This Row],[Column3]] -> 0 | E19: =+Table4[[#This Row],[Column4]]-Table49[[#This Row],[Column4]] -> 0 | F19: =+Table4[[#This Row],[Column5]]-Table49[[#This Row],[Column5]] -> 0 | G19: =+Table4[[#This Row],[Column6]]-Table49[[#This Row],[Column6]] -> 0 | H19: =+Table4[[#This Row],[Column7]]-Table49[[#This Row],[Column7]] -> 0 | I19: =+Table4[[#This Row],[Column8]]-Table49[[#This Row],[Column8]] -> 600 | J19: =+Table4[[#This Row],[Column9]]-Table49[[#This Row],[Column9]] -> 600 | K19: =+Table4[[#This Row],[Column10]]-Table49[[#This Row],[Column10]] -> 600 | L19: =+Table4[[#This Row],[Column11]]-Table49[[#This Row],[Column11]] -> 600 | M19: =+Table4[[#This Row],[Column12]]-Table49[[#This Row],[Column12]] -> 600 | N19: =+Table4[[#This Row],[Column13]]-Table49[[#This Row],[Column13]] -> 600 | O19: =SUM(Table4913[[#This Row],[Column2]:[Column13]]) -> 3600
B20: Custos Totais de Escritório | C20: =SUBTOTAL(109,C12:C19) -> -17 | D20: =SUBTOTAL(109,D12:D19) -> 72 | E20: =SUBTOTAL(109,E12:E19) -> 78 | F20: =SUBTOTAL(109,F12:F19) -> -141 | G20: =SUBTOTAL(109,G12:G19) -> -38 | H20: =SUBTOTAL(109,H12:H19) -> 16 | I20: =SUBTOTAL(109,I12:I19) -> 11470 | J20: =SUBTOTAL(109,J12:J19) -> 11470 | ... N20: =SUBTOTAL(109,N12:N19) -> 11770 | O20: =SUM(Table4913[[#This Row],[Column2]:[Column13]]) -> 69390
B21: Custos de marketing | O21: =SUM(Table4913[[#This Row],[Column2]:[Column13]]) -> 0
B22: Column1 | C22: Column2 | D22: Column3 | E22: Column4 | F22: Column5 | G22: Column6 | H22: Column7 | I22: Column8 | J22: Column9 | K22: Column10 | L22: Column11 | M22: Column12 | N22: Column13 | O22: Column14
B23: Alojamento de websites | C23: =+Table5[[#This Row],[Column2]]-Table510[[#This Row],[Column2]] -> 0 | D23: =+Table5[[#This Row],[Column3]]-Table510[[#This Row],[Column3]] -> 0 | E23: =+Table5[[#This Row],[Column4]]-Table510[[#This Row],[Column4]] -> 0 | F23: =+Table5[[#This Row],[Column5]]-Table510[[#This Row],[Column5]] -> 0 | G23: =+Table5[[#This Row],[Column6]]-Table510[[#This Row],[Column6]] -> 0 | H23: =+Table5[[#This Row],[Column7]]-Table510[[#This Row],[Column7]] -> 0 | I23: =+Table5[[#This Row],[Column8]]-Table510[[#This Row],[Column8]] -> 500 | J23: =+Table5[[#This Row],[Column9]]-Table510[[#This Row],[Column9]] -> 500 | K23: =+Table5[[#This Row],[Column10]]-Table510[[#This Row],[Column10]] -> 500 | L23: =+Table5[[#This Row],[Column11]]-Table510[[#This Row],[Column11]] -> 500 | M23: =+Table5[[#This Row],[Column12]]-Table510[[#This Row],[Column12]] -> 500 | N23: =+Table5[[#This Row],[Column13]]-Table510[[#This Row],[Column13]] -> 500 | O23: =SUM(Table51014[[#This Row],[Column2]:[Column13]]) -> 3000
B24: Atualizações do site | C24: =+Table5[[#This Row],[Column2]]-Table510[[#This Row],[Column2]] -> 0 | D24: =+Table5[[#This Row],[Column3]]-Table510[[#This Row],[Column3]] -> 0 | E24: =+Table5[[#This Row],[Column4]]-Table510[[#This Row],[Column4]] -> 0 | F24: =+Table5[[#This Row],[Column5]]-Table510[[#This Row],[Column5]] -> 0 | G24: =+Table5[[#This Row],[Column6]]-Table510[[#This Row],[Column6]] -> 0 | H24: =+Table5[[#This Row],[Column7]]-Table510[[#This Row],[Column7]] -> -500 | I24: =+Table5[[#This Row],[Column8]]-Table510[[#This Row],[Column8]] -> 200 | J24: =+Table5[[#This Row],[Column9]]-Table510[[#This Row],[Column9]] -> 200 | K24: =+Table5[[#This Row],[Column10]]-Table510[[#This Row],[Column10]] -> 200 | L24: =+Table5[[#This Row],[Column11]]-Table510[[#This Row],[Column11]] -> 200 | M24: =+Table5[[#This Row],[Column12]]-Table510[[#This Row],[Column12]] -> 200 | N24: =+Table5[[#This Row],[Column13]]-Table510[[#This Row],[Column13]] -> 1000 | O24: =SUM(Table51014[[#This Row],[Column2]:[Column13]]) -> 1500
B25: Preparação colateral | C25: =+Table5[[#This Row],[Column2]]-Table510[[#This Row],[Column2]] -> 200 | D25: =+Table5[[#This Row],[Column3]]-Table510[[#This Row],[Column3]] -> 0 | E25: =+Table5[[#This Row],[Column4]]-Table510[[#This Row],[Column4]] -> 0 | F25: =+Table5[[#This Row],[Column5]]-Table510[[#This Row],[Column5]] -> -500 | G25: =+Table5[[#This Row],[Column6]]-Table510[[#This Row],[Column6]] -> 0 | H25: =+Table5[[#This Row],[Column7]]-Table510[[#This Row],[Column7]] -> 0 | I25: =+Table5[[#This Row],[Column8]]-Table510[[#This Row],[Column8]] -> 5000 | J25: =+Table5[[#This Row],[Column9]]-Table510[[#This Row],[Column9]] -> 0 | K25: =+Table5[[#This Row],[Column10]]-Table510[[#This Row],[Column10]] -> 0 | L25: =+Table5[[#This Row],[Column11]]-Table510[[#This Row],[Column11]] -> 5000 | M25: =+Table5[[#This Row],[Column12]]-Table510[[#This Row],[Column12]] -> 0 | N25: =+Table5[[#This Row],[Column13]]-Table510[[#This Row],[Column13]] -> 0 | O25: =SUM(Table51014[[#This Row],[Column2]:[Column13]]) -> 9700
B26: Impressão colateral | C26: =+Table5[[#This Row],[Column2]]-Table510[[#This Row],[Column2]] -> 100 | D26: =+Table5[[#This Row],[Column3]]-Table510[[#This Row],[Column3]] -> -300 | E26: =+Table5[[#This Row],[Column4]]-Table510[[#This Row],[Column4]] -> 100 | F26: =+Table5[[#This Row],[Column5]]-Table510[[#This Row],[Column5]] -> 100 | G26: =+Table5[[#This Row],[Column6]]-Table510[[#This Row],[Column6]] -> -400 | H26: =+Table5[[#This Row],[Column7]]-Table510[[#This Row],[Column7]] -> 20 | I26: =+Table5[[#This Row],[Column8]]-Table510[[#This Row],[Column8]] -> 200 | J26: =+Table5[[#This Row],[Column9]]-Table510[[#This Row],[Column9]] -> 200 | K26: =+Table5[[#This Row],[Column10]]-Table510[[#This Row],[Column10]] -> 200 | L26: =+Table5[[#This Row],[Column11]]-Table510[[#This Row],[Column11]] -> 200 | M26: =+Table5[[#This Row],[Column12]]-Table510[[#This Row],[Column12]] -> 200 | N26: =+Table5[[#This Row],[Column13]]-Table510[[#This Row],[Column13]] -> 200 | O26: =SUM(Table51014[[#This Row],[Column2]:[Column13]]) -> 820
B27: Eventos de marketing | C27: =+Table5[[#This Row],[Column2]]-Table510[[#This Row],[Column2]] -> 200 | D27: =+Table5[[#This Row],[Column3]]-Table510[[#This Row],[Column3]] -> -200 | E27: =+Table5[[#This Row],[Column4]]-Table510[[#This Row],[Column4]] -> -200 | F27: =+Table5[[#This Row],[Column5]]-Table510[[#This Row],[Column5]] -> 300 | G27: =+Table5[[#This Row],[Column6]]-Table510[[#This Row],[Column6]] -> 500 | H27: =+Table5[[#This Row],[Column7]]-Table510[[#This Row],[Column7]] -> -300 | I27: =+Table5[[#This Row],[Column8]]-Table510[[#This Row],[Column8]] -> 2000 | J27: =+Table5[[#This Row],[Column9]]-Table510[[#This Row],[Column9]] -> 5000 | K27: =+Table5[[#This Row],[Column10]]-Table510[[#This Row],[Column10]] -> 2000 | L27: =+Table5[[#This Row],[Column11]]-Table510[[#This Row],[Column11]] -> 2000 | M27: =+Table5[[#This Row],[Column12]]-Table510[[#This Row],[Column12]] -> 2000 | N27: =+Table5[[#This Row],[Column13]]-Table510[[#This Row],[Column13]] -> 5000 | O27: =SUM(Table51014[[#This Row],[Column2]:[Column13]]) -> 18300
B28: Despesas diversas | C28: =+Table5[[#This Row],[Column2]]-Table510[[#This Row],[Column2]] -> 55 | D28: =+Table5[[#This Row],[Column3]]-Table510[[#This Row],[Column3]] -> 44 | E28: =+Table5[[#This Row],[Column4]]-Table510[[#This Row],[Column4]] -> 77 | F28: =+Table5[[#This Row],[Column5]]-Table510[[#This Row],[Column5]] -> -23 | G28: =+Table5[[#This Row],[Column6]]-Table510[[#This Row],[Column6]] -> 13 | H28: =+Table5[[#This Row],[Column7]]-Table510[[#This Row],[Column7]] -> -45 | I28: =+Table5[[#This Row],[Column8]]-Table510[[#This Row],[Column8]] -> 200 | J28: =+Table5[[#This Row],[Column9]]-Table510[[#This Row],[Column9]] -> 200 | K28: =+Table5[[#This Row],[Column10]]-Table510[[#This Row],[Column10]] -> 200 | L28: =+Table5[[#This Row],[Column11]]-Table510[[#This Row],[Column11]] -> 200 | M28: =+Table5[[#This Row],[Column12]]-Table510[[#This Row],[Column12]] -> 200 | N28: =+Table5[[#This Row],[Column13]]-Table510[[#This Row],[Column13]] -> 200 | O28: =SUM(Table51014[[#This Row],[Column2]:[Column13]]) -> 1321
B29: Custos totais de marketing | C29: =SUBTOTAL(109,C23:C28) -> 555 | D29: =SUBTOTAL(109,D23:D28) -> -456 | E29: =SUBTOTAL(109,E23:E28) -> -23 | F29: =SUBTOTAL(109,F23:F28) -> -123 | G29: =SUBTOTAL(109,G23:G28) -> 113 | H29: =SUBTOTAL(109,H23:H28) -> -825 | I29: =SUBTOTAL(109,I23:I28) -> 8100 | J29: =SUBTOTAL(109,J23:J28) -> 6100 | ... N29: =SUBTOTAL(109,N23:N28) -> 6900 | O29: =SUM(Table51014[[#This Row],[Column2]:[Column13]]) -> 34641
B30: Treino/Viagens
B31: Column1 | C31: Column2 | D31: Column3 | E31: Column4 | F31: Column5 | G31: Column6 | H31: Column7 | I31: Column8 | J31: Column9 | K31: Column10 | L31: Column11 | M31: Column12 | N31: Column13 | O31: Column14
B32: Lições de Formação | C32: =+Table6[[#This Row],[Column2]]-Table611[[#This Row],[Column2]] -> 400 | D32: =+Table6[[#This Row],[Column3]]-Table611[[#This Row],[Column3]] -> -400 | E32: =+Table6[[#This Row],[Column4]]-Table611[[#This Row],[Column4]] -> 600 | F32: =+Table6[[#This Row],[Column5]]-Table611[[#This Row],[Column5]] -> 400 | G32: =+Table6[[#This Row],[Column6]]-Table611[[#This Row],[Column6]] -> 800 | H32: =+Table6[[#This Row],[Column7]]-Table611[[#This Row],[Column7]] -> -800 | I32: =+Table6[[#This Row],[Column8]]-Table611[[#This Row],[Column8]] -> 2000 | J32: =+Table6[[#This Row],[Column9]]-Table611[[#This Row],[Column9]] -> 2000 | K32: =+Table6[[#This Row],[Column10]]-Table611[[#This Row],[Column10]] -> 2000 | L32: =+Table6[[#This Row],[Column11]]-Table611[[#This Row],[Column11]] -> 2000 | M32: =+Table6[[#This Row],[Column12]]-Table611[[#This Row],[Column12]] -> 2000 | N32: =+Table6[[#This Row],[Column13]]-Table611[[#This Row],[Column13]] -> 2000 | O32: =SUM(Table61115[[#This Row],[Column2]:[Column13]]) -> 13000
B33: Custos de viagem relacionados com a formação | C33: =+Table6[[#This Row],[Column2]]-Table611[[#This Row],[Column2]] -> 800 | D33: =+Table6[[#This Row],[Column3]]-Table611[[#This Row],[Column3]] -> -200 | E33: =+Table6[[#This Row],[Column4]]-Table611[[#This Row],[Column4]] -> 600 | F33: =+Table6[[#This Row],[Column5]]-Table611[[#This Row],[Column5]] -> 800 | G33: =+Table6[[#This Row],[Column6]]-Table611[[#This Row],[Column6]] -> 1200 | H33: =+Table6[[#This Row],[Column7]]-Table611[[#This Row],[Column7]] -> -1500 | I33: =+Table6[[#This Row],[Column8]]-Table611[[#This Row],[Column8]] -> 2000 | J33: =+Table6[[#This Row],[Column9]]-Table611[[#This Row],[Column9]] -> 2000 | K33: =+Table6[[#This Row],[Column10]]-Table611[[#This Row],[Column10]] -> 2000 | L33: =+Table6[[#This Row],[Column11]]-Table611[[#This Row],[Column11]] -> 2000 | M33: =+Table6[[#This Row],[Column12]]-Table611[[#This Row],[Column12]] -> 2000 | N33: =+Table6[[#This Row],[Column13]]-Table611[[#This Row],[Column13]] -> 2000 | O33: =SUM(Table61115[[#This Row],[Column2]:[Column13]]) -> 13700
B34: Custos Totais de Funcionários | C34: =SUBTOTAL(109,C32:C33) -> 1200 | D34: =SUBTOTAL(109,D32:D33) -> -600 | E34: =SUBTOTAL(109,E32:E33) -> 1200 | F34: =SUBTOTAL(109,F32:F33) -> 1200 | G34: =SUBTOTAL(109,G32:G33) -> 2000 | H34: =SUBTOTAL(109,H32:H33) -> -2300 | I34: =SUBTOTAL(109,I32:I33) -> 4000 | J34: =SUBTOTAL(109,J32:J33) -> 4000 | ... O34: =SUBTOTAL(109,O32:O33) -> 26700
B35: Despesas mensais planeadas | C35: =+C34+C29+C20+C9 -> 1738 | D35: =+D34+D29+D20+D9 -> -984 | E35: =+E34+E29+E20+E9 -> 1255 | F35: =+F34+F29+F20+F9 -> 301 | G35: =+G34+G29+G20+G9 -> 1440 | H35: =+H34+H29+H20+H9 -> -3744 | I35: =+I34+I29+I20+I9 -> 134695 | J35: =+J34+J29+J20+J9 -> 138918 | ... N35: =+N34+N29+N20+N9 -> 140018 | O35: =SUM(C35:N35) -> 826691
B36: Despesas TOTAIS Planeadas | C36: =+C35 -> 1738 | D36: =+D35+C35 -> 754 | E36: =+E35+D36 -> 2009 | F36: =+F35+E36 -> 2310 | G36: =+G35+F36 -> 3750 | H36: =+H35+G36 -> 6 | I36: =+I35+H36 -> 134701 | J36: =+J35+I36 -> 273619 | K36: =+K35+J36 -> 409537 | L36: =+L35+K36 -> 550455 | M36: =+M35+L36 -> 686673 | N36: 1609630 | O36: =+N36+O35 -> 2436321
